 Dungeon Crawl Stone Soup version 0.28.0-45-g0d030f2227 (webtiles) character file.

Game seed: 9110281931299006220

119 MisterFreud the Changer (level 4, -2/35 HPs)
             Began as a Draconian Transmuter on May 4, 2022.
             Succumbed to an adder's poison
             ... on level 3 of the Dungeon.
             The game lasted 00:02:47 (2399 turns).

MisterFreud the Changer (Draconian Transmuter)      Turns: 2399, Time: 00:02:48

Health: -2/35      AC:  6    Str: 12    XL:     4   Next: 73%
Magic:  5/6        EV: 12    Int: 16    God:
Gold:   75         SH:  0    Dex: 11    Spells: 1/7 levels left

rFire   . . .      SeeInvis .     - Unarmed
rCold   . . .      Faith    .   (no shield)
rNeg    . . .      Spirit   .   (armour unavailable)
rPois   .          Reflect  .   (helmet restricted)
rElec   .          Harm     .   f - +0 cloak
rCorr   .          Rampage  .   (no gloves)
Will    .....                   (no boots)
Stlth   +.........              (no amulet)
HPRegen 0.11/turn               c - ring of wizardry
MPRegen 0.10/turn               (no ring)

@: lethally poisoned (-2 -> -19), hasted, very quick
A: AC +5, unfitting armour, cold-blooded, claws 1, deterioration 1, low MP 1,
inability to read while threatened
a: no special abilities


You were on level 3 of the Dungeon.
You visited 1 branch of the dungeon, and saw 3 of its levels.

You collected 75 gold pieces.

Inventory:

Missiles
 h - 5 poisoned darts
Armour
 f - a +0 cloak (worn)
 n - a +2 pair of boots
Jewellery
 c - a ring of wizardry (left claw)
Wands
 o - a wand of acid (7)
Scrolls
 a - a scroll of teleportation {unknown}
 i - a scroll of brand weapon {unknown}
 j - a scroll of enchant armour {unknown}
 l - 2 scrolls of identify {unknown}
 m - a scroll of fear {unknown}
Potions
 b - a potion of mutation
 d - a potion of might
 g - a potion of berserk rage {unknown}
 k - a potion of brilliance {unknown}


   Skills:
 + Level 1.3 Fighting
 - Level 1.7 Dodging
 - Level 3.0 Unarmed Combat
 - Level 2.0 Spellcasting
 - Level 5.0 Transmutations


You had one spell level left.
You knew the following spells:

 Your Spells              Type           Power      Damage    Failure   Level
a - Beastly Appendage     Tmut           34%        N/A       1%          1
b - Wereblood             Tmut           17%        N/A       1%          2
c - Spider Form           Tmut/Pois      9%         N/A       9%          3

Your spell library contained the following spells:

 Spells                   Type           Power      Damage    Failure   Level
 Ice Form                 Ice/Tmut       9%         N/A       28%         4


Dungeon Overview and Level Annotations

Branches:
Dungeon (3/15)

Altars:


Innate Abilities, Weirdness & Mutations

Your plain brown scales are hard. (AC +5)
You cannot fit into any form of body armour.
You are cold-blooded and may be slowed by cold attacks.
You have sharp fingernails.
Your body sometimes deteriorates upon taking damage.
Your magical capacity is low. (-10% MP)
You sometimes lose the ability to read scrolls when taking damage.


Message History

You hit the adder.
The adder is poisoned.
The adder is moderately wounded.
The adder completely misses you.
You barely miss the adder.
The adder is moderately wounded.
The adder bites you but does no damage. The adder completely misses you.
The adder misses you.
You closely miss the adder.
The adder is lightly wounded.
The adder misses you. The adder bites you.
You are poisoned.
The adder poisons you!
Unknown command.
You hit the adder.
The adder is poisoned.
The adder is moderately wounded.
You feel very sick. The adder barely misses you. The adder bites you.
You are lethally poisoned!
The adder poisons you! The adder closely misses you.
Your transformation has ended.
Your +0 cloak unmelds from your body.
You feel very sick. The adder bites you but does no damage.
The adder bites you. x2
You are more poisoned.
The adder poisons you!
* * * LOW HITPOINT WARNING * * *
You feel very sick.
You kill the adder!
Training target 5.0 for Transmutations reached!
Your Transmutations skill increases to level 5!
You need to enable at least one skill for training.
It was a potion of mutation.
You feel extremely strange.
You feel less energetic.
You feel yourself wasting away.
You lose the ability to read scrolls when threatened.
Your fingernails lengthen.
* * * LOW HITPOINT WARNING * * *
You feel very sick. The adder misses you.
It was a potion of haste.
You feel yourself speed up.
You die...

...####...#
#.......#.#####
##...#...........#......
##.......................
.........................
#.......#..####..........
##......##.## #.).#......
#.<...S##.># ..........
#.#..<.@##.# #......
#....#.†..#.# ##....†.
≈≈≈≈≈≈≈≈#...# #.<.....
#≈≈≈≈≈#≈###.######.#.[...
#≈###≈#≈..#..............
#≈≈≈≈≈#≈......###.......#
≈≈≈≈≈≈≈≈#......#.........
.........................
...............##........


You could see an adder (poisoned).

Vanquished Creatures
  Jessica (D:2)
  An iguana (D:3)
  4 adders
  A dart slug (D:1)
  5 ball pythons
  4 endoplasms (D:1)
  3 giant cockroaches
  A goblin (D:3)
  2 hobgoblins
  A quokka (D:1)
  3 bats
  2 frilled lizards (D:1)
  3 kobolds
  2 rats
33 creatures vanquished.

Notes
Turn   | Place    | Note
-------+----------+-------------------------------------------
     0 | D:1      | MisterFreud the Draconian Transmuter began the quest for
                  | the Orb.
     0 | D:1      | Reached XP level 1. HP: 16/16 MP: 3/3
   543 | D:1      | Reached XP level 2. HP: 18/23 MP: 1/5
   614 | D:1      | Learned a level 2 spell: Wereblood
   692 | D:1      | Reached skill level 3 in Transmutations
  1101 | D:1      | Found a faded altar of an unknown god.
  1305 | D:2      | Reached XP level 3. HP: 14/28 MP: 4/6
  1309 | D:2      | Learned a level 3 spell: Spider Form
  1525 | D:2      | Noticed Jessica
  1531 | D:2      | Killed Jessica
  1532 | D:2      | Reached skill level 4 in Transmutations
  1780 | D:2      | Reached XP level 4. HP: 16/35 MP: 5/7
  2398 | D:3      | Reached skill level 5 in Transmutations
  2398 | D:3      | Gained mutation: Your magical capacity is low. (-10% MP)
                  | [potion of mutation]
  2398 | D:3      | Gained mutation: Your body sometimes deteriorates upon
                  | taking damage. [potion of mutation]
  2398 | D:3      | Gained mutation: You sometimes lose the ability to read
                  | scrolls when taking damage. [potion of mutation]
  2398 | D:3      | Gained mutation: You have sharp fingernails. [potion of
                  | mutation]
  2399 | D:3      | Succumbed to an adder's poison

Illustrated notes

Levels and vault maps discovered:
D:1:      sevenhm_arrival_forest_fort_large_1, layout_rooms,
          shapermc_ecumenical_altar_flowoftime, minivault_24,
          minmay_tree_intersection
D:2:      layout_basic, minmay_misc_feat_chi, uniq_jessica
D:3:      layout_rooms, minmay_crystal_water

Skill      XL: |  1  2  3  4 |
---------------+-------------+-----
Transmutations | 3 4 5 |  5.0
Fighting       | |  1.3
Dodging        | |  1.7
Unarmed Combat | |  3.0
Spellcasting   | |  2.0

Action                   |  1- 3 |  4- 6 || total
-------------------------+-------+-------++-------
Melee: Unarmed           |    88 |    29 ||   117
       Tailslap          |     5 |     1 ||     6
       Kick              |     7 |     8 ||    15
       Headbutt          |     6 |     1 ||     7
       Punch             |     1 |       ||     1
 Cast: Beastly Appendage |    10 |     5 ||    15
       Spider Form       |     1 |     2 ||     3
 Abil: End Transformatio |       |     1 ||     1
  Use: Potion            |       |     2 ||     2
 Stab: Sleeping          |     2 |       ||     2
Armor: Skin              |    25 |    17 ||    42
Dodge: Dodged            |    46 |    23 ||    69
